 Dungeon Crawl Stone Soup version 0.23.2-11-gf996548c65 (webtiles) character file.

Game seed: 15975884345413852866

157 MalarOregon the Digger (level 5, -1/38 HPs)
             Began as a Ghoul Earth Elementalist on June 4, 2019.
             Was a Follower of Makhleb.
             Slain by an ice beast (3 damage)
             ... on level 3 of the Dungeon.
             The game lasted 00:09:36 (3621 turns).

MalarOregon the Digger (Ghoul Earth Elementalist)   Turns: 3621, Time: 00:09:37

Health: -1/38      AC:  3    Str: 12    XL:     5   Next: 38%
Magic:  8/8        EV: 12    Int: 11    God:    Makhleb [*.....]
Gold:   170        SH:  0    Dex:  9    Spells: 5/9 levels left

rFire    . . .     SeeInvis .   i - +0 dagger
rCold    + . .     Gourm    .   (no shield)
rNeg     + + +     Faith    .   c - +0 robe
rPois    ∞         Spirit   .   (no helmet)
rElec    .         Reflect  .   (no cloak)
rCorr    .         Harm     .   f - +0 pair of gloves
MR       .....                  (no boots)
Stlth    ++........             (no amulet)
HPRegen  0.00/turn              k - ring of flight
MPRegen  0.11/turn              (no ring)

@: rotting
A: rotting body, claws 1, carnivore, cold resistance 1, negative energy
resistance 3, inhibited regeneration, torment resistance, unbreathing
a: Renounce Religion, Evoke Flight


You were on level 3 of the Dungeon.
You worshipped Makhleb.
Makhleb was aware of your devotion.
You were not hungry.

You visited 2 branches of the dungeon, and saw 5 of its levels.

You collected 170 gold pieces.

Inventory:

Hand Weapons
 i - a +0 dagger (weapon)
   (You found it on level 1 of the Dungeon)
Missiles
 b - 47 stones (quivered)
Armour
 c - a +0 robe (worn)
 f - a +0 pair of gloves (worn)
   (You found it on level 4 of the Dungeon)
Jewellery
 j - an uncursed ring of fire
   (You found it on level 2 of the Dungeon)
 k - a ring of flight (left hand)
   (You found it on level 2 of the Dungeon)
Scrolls
 a - a scroll of identify {@r1}
 m - a scroll of remove curse {@r2}
Potions
 d - a potion of agility
 h - a potion of resistance
 l - a potion of might
Comestibles
 e - 7 rations {!d}


   Skills:
 - Level 2.5 Dodging
 - Level 3.4 Stealth
 + Level 2.7 Spellcasting
 + Level 0.5 Conjurations
   Level 0.8 Transmutations
 + Level 4.3 Earth Magic
 + Level 1.2 Invocations


You had 5 spell levels left.
You knew the following spells:

 Your Spells              Type           Power        Failure   Level  Hunger
a - Sandblast             Erth           ##....       4%          1    #......
x - Stone Arrow           Conj/Erth      #.....       30%         3    ###....

Your spell library contained the following spells:

 Spells                   Type           Power        Failure   Level  Hunger
 Passwall                 Tmut/Erth      #.......     14%         2    ###....
 Petrify                  Tmut/Erth      #.......     67%         4    #####..
 Lee's Rapid Deconstruct  Erth           ##........   78%         5    ######.


Dungeon Overview and Level Annotations

Branches:
Dungeon (4/15)             Temple (1/1) D:4

Altars:
Cheibriados
Dithmenos
Elyvilon
Fedhas
Gozag
Hepliaklqana
Kikubaaqudgha
Makhleb
Nemelex Xobeh
Okawaru
Ru
Sif Muna
Trog
Uskayaw
Vehumet
Xom
Zin
The Shining One

Shops:
D:4 *


Innate Abilities, Weirdness & Mutations

Your body is rotting away.
You thrive on raw meat.
You are immune to poison.
You have sharp fingernails.
You are carnivorous and can eat meat at any time.
Your flesh is cold resistant. (rC+)
You are immune to negative energy. (rN+++)
You do not regenerate when monsters are visible.
You are immune to unholy pain and torment.
You can survive without breathing.


Message History

The blast of sand hits the gnoll!
You kill the gnoll!
Makhleb accepts your kill.
b - 49 stones You hit the rat.
You kill the rat!
Makhleb accepts your kill.
You see here a ration {!d}.
e - 7 rations {!d} (gained 1)
The ice beast closely misses you.
Things that are here:
2 chunks of flesh; a quokka skeleton Eat one of 3 chunks of flesh? (ye/n/q)
You eat one of the 3 chunks of flesh.
This raw flesh tastes great!
The ice beast hits you. The ice beast freezes you. You resist.
* * * LOW HITPOINT WARNING * * *
Eat one of 2 chunks of flesh? (ye/n/q)
You eat one of the 2 chunks of flesh.
This raw flesh tastes great!
The ice beast hits you but does no damage.
Eat a chunk of flesh? (ye/n/q)
You eat the chunk of flesh.
This raw flesh tastes great!
The gnoll closely misses you. The ice beast misses you.
Here: an ice beast The floor.
Aim: an ice beast The blast of sand hits the ice beast but does no damage.
b - 48 stones The gnoll hits you from afar with a +0 spear.
The ice beast hits you. The ice beast freezes you. You resist.
* * * LOW HITPOINT WARNING * * *
Aim: an ice beast The blast of sand hits the ice beast.
b - 47 stones The gnoll hits you from afar with a +0 spear.
* * * LOW HITPOINT WARNING * * *
The ice beast hits you.
* * * LOW HITPOINT WARNING * * *
The ice beast freezes you. You resist.
* * * LOW HITPOINT WARNING * * *
Okay, then.
Okay, then.
Okay, then.
A hobgoblin comes into view. It is wielding a -2 club.
The hobgoblin shouts!
There is a stone staircase leading up here.
Okay, then.
The ice beast hits you.
* * * LOW HITPOINT WARNING * * *
The ice beast freezes you. You resist.
You die...

#.# #.....# #.#
####.#.#.######### #.#
#.......)......... #.#
#.##.#.#.######### #. #.#
##.##.....# ####. #.#
#...###.### ....#
#.####.#.......#
#..####...g........#.#
#..........gY@.......#
#...)...##.##.#####..# .
#>......#......# #..#
..##.......#..##..# #>.#
...........#..##..####..#### #
..##.......#..##....##.g##.##
#.
#.......#..###.........#.###..
####.......#..#
###.##...###o#... ....##...###
#####.....## ##....


You could see an ice beast, a gnoll and a hobgoblin.

Vanquished Creatures
  A centaur skeleton (D:2)
  3 gnolls (D:3)
  3 adders
  An ooze (D:1)
  An adder skeleton (D:4)
  A worm (D:2)
  2 dart slugs (D:3)
  A leopard gecko (D:3)
  2 orcs
  7 goblins
  6 hobgoblins
  7 jackals (D:2)
  8 kobolds
  A quokka (D:3)
  2 ball pythons
  2 bats
  11 rats
59 creatures vanquished.

Notes
Turn   | Place    | Note
-------+----------+-------------------------------------------
     0 | D:1      | MalarOregon the Ghoul Earth Elementalist began the quest
                  | for the Orb.
     0 | D:1      | Reached XP level 1. HP: 14/14 MP: 2/2
   380 | D:1      | Reached XP level 2. HP: 15/20 MP: 3/3
  1155 | D:1      | Reached XP level 3. HP: 26/26 MP: 2/5
  1369 | D:2      | Reached XP level 4. HP: 28/33 MP: 0/6
  1594 | D:2      | You fall through a shaft for 2 floors!
  1648 | D:4      | Reached skill level 4 in Earth Magic
  1763 | D:4      | Found a staircase to the Ecumenical Temple.
  1770 | Temple   | Entered the Ecumenical Temple
  1909 | Temple   | Became a worshipper of Makhleb the Destroyer
  1997 | D:4      | Found Gaeneap's Assorted Antiques.
  2470 | D:2      | Learned a level 3 spell: Stone Arrow
  2473 | D:2      | Found an opulent altar of Gozag.
  2622 | D:2      | Found a sacrificial altar of Ru.
  2877 | D:3      | Reached XP level 5. HP: 38/38 MP: 3/7
  3453 | D:3      | Reached skill level 1 in Invocations
  3454 | D:3      | Noticed an ice beast
  3524 | D:3      | Reached * piety under Makhleb
  3621 | D:3      | Slain by an ice beast

Skill      XL: |  1  2  3  4  5 |
---------------+----------------+-----
Dodging        | 2 |  2.5
Spellcasting   | 2 |  2.7
Stealth        | 3 |  3.4
Earth Magic    | 4 |  4.3
Invocations    | 1 |  1.2
Conjurations   | |  0.5
Transmutations | |  0.8

Action                   |  1- 3 |  4- 6 || total
-------------------------+-------+-------++-------
Melee: Short sword       |     8 |       ||     8
       Dagger            |    57 |    83 ||   140
       Unarmed           |     2 |       ||     2
 Cast: Sandblast         |    18 |    48 ||    66
       Stone Arrow       |       |     2 ||     2
  Use: Scroll            |     1 |     9 ||    10
 Stab: Sleeping          |     4 |     1 ||     5
  Eat: Chunk             |     4 |    11 ||    15
Armor: Robe              |     7 |    27 ||    34
Dodge: Dodged            |    36 |    78 ||   114
